 Dungeon Crawl Stone Soup version 0.30.0-15-g856e2d3f33 (webtiles) character file.

Game seed: 10430091820326872962

249 ragingrage the Cutter (level 6, -1/34 HPs)
             Began as a Kobold Transmuter on May 18, 2023.
             Slain by a gnoll bouda
             ... wielding a +0 whip
              (12 damage)
             ... on level 4 of the Dungeon.
             The game lasted 00:02:26 (3135 turns).

ragingrage the Cutter (Kobold Transmuter)           Turns: 3135, Time: 00:02:26

Health: -1/34      AC:  2    Str:  7    XL:     6   Next: 34%
Magic:  6/9        EV: 15    Int: 16    God:
Gold:   149        SH:  0    Dex: 16    Spells: 2/9 levels left

rFire   . . .        d - +0 dagger
rCold   . . .        (no shield)
rNeg    . . .        a - +0 robe
rPois   .            i - melded +0 helmet
rElec   .            m - scarf {shadows}
rCorr   .            (no gloves)
SInv    .            (boots currently unavailable)
Will    .....        (no amulet)
Stlth   ++           (no ring)
HPRegen 0.25/turn    (no ring)
MPRegen 0.11/turn

%: no passive effects
@: appendages, wereblooded
A: horns 2, talons 2, small, no large weapons, nightstalker 3
a: End Transformation


You were on level 4 of the Dungeon.
You had temporarily grown beastly horns and talons.
You visited 1 branch of the dungeon, and saw 4 of its levels.

You collected 149 gold pieces.

Inventory:

Hand Weapons
 d - a +0 dagger (weapon)
Missiles
 p - a throwing net
Armour
 a - a +0 robe (worn)
 i - a +0 helmet (melded)
 m - a scarf of shadows (worn)
Jewellery
 f - a ring of protection from fire
Scrolls
 c - 3 scrolls of magic mapping {unknown}
 e - 4 scrolls of poison {unknown}
 g - 8 scrolls of identify {unknown}
 h - 3 scrolls of fear {unknown}
 j - 3 scrolls of teleportation {unknown}
 k - 2 scrolls of immolation {unknown}
 l - a scroll of summoning {unknown}
 s - a scroll of vulnerability {unknown}
 t - a scroll of noise {unknown}
Potions
 b - a potion of lignification
 n - a potion of attraction {unknown}
 o - a potion of brilliance {unknown}
 q - 3 potions of curing {unknown}
 r - a potion of might {unknown}


   Skills:
 - Level 1.1 Fighting
 + Level 5.9 Short Blades
 - Level 2.4 Dodging
 - Level 3.1 Unarmed Combat
 - Level 2.1 Spellcasting
 - Level 4.0 Transmutations


You had 2 spell levels left.
You knew the following spells:

 Your Spells              Type           Power      Damage    Failure   Level
a - Beastly Appendage     Tmut           28%        N/A       4%          1
b - Wereblood             Tmut           14%        N/A       6%          2
c - Ice Form              Ice/Tmut       8%         N/A       65%         4

Your spell library contained the following spells:

 Spells                   Type           Power      Damage    Failure   Level
 Spider Form              Tmut/Pois      8%         N/A       26%         3


Dungeon Overview and Level Annotations

Branches:
Dungeon (4/15)
 Temple: D:4-7

Altars:
Ru
The Shining One

Annotations:
D:3 exclusion: ice beast
D:4 Dowan, Robin


Innate Abilities, Weirdness & Mutations

You have temporarily grown beastly horns and talons.
You are small and have problems with some larger weapons.
You are completely attuned to the shadows.


Message History

Casting: Wereblood (safe; 6% risk of failure)
You grow a pair of large bovine horns.
Your feet morph into talons.
Your +0 helmet melds into your body.
You hear a shout! x2
The gnoll bouda gazes fiercely through you!
You feel your attacks grow feeble. The goblin barely misses you.
You hit the goblin. You claw the goblin.
You feel a bit better.
You kill the goblin!
You howl as the wereblood boils in your veins!
Your primal bloodlust has ended.
You completely miss the gnoll bouda.
You punch the gnoll bouda, but do no damage.
A hobgoblin comes into view.
You closely miss the gnoll bouda.
You claw the gnoll bouda, but do no damage.
You headbutt the gnoll bouda.
You punch the gnoll bouda, but do no damage.
The gnoll bouda hits you with a +0 whip.
You hit the gnoll bouda. Your kick misses the gnoll bouda.
You headbutt the gnoll bouda.
Dowan, Brother of Duvessa comes into view.
He is wielding a +0 dagger.
The gnoll bouda hits you with a +0 whip!
* * * LOW HITPOINT WARNING * * *
Casting: Beastly Appendage (safe; 4% risk of failure)
Your blood is infused with primal strength.
The gnoll bouda closely misses you.
A goblin comes into view. It is wielding a +0 club.
You hit the gnoll bouda.
Your attacks no longer feel as feeble.
The gnoll bouda misses you.
You hit the gnoll bouda but do no damage.
You headbutt the gnoll bouda!
A goblin comes into view. It is wielding a +0 club.
You barely miss the gnoll bouda. Your headbutt misses the gnoll bouda.
The gnoll bouda barely misses you.
You hit the gnoll bouda but do no damage.
You claw the gnoll bouda. You headbutt the gnoll bouda.
The gnoll bouda hits you with a +0 whip!
You die...

#.##. ###....
....ggg #.#
#.# ##)##
#####
####gg.#
....##
#.@gSg...
...<.#
#.##e.?..
###..#
####.#####+
#..# #....#
#..# #.####
.###..# #.#
......###.###
.##.#........
#...###.###


You could see Dowan, a gnoll bouda, a hobgoblin, 2 goblins and a ball python.

Vanquished Creatures
  Sigmund (D:2)
  3 gnolls (D:4)
  A worm (D:3)
  2 dart slugs
  3 endoplasms
  A giant cockroach (D:2)
  7 goblins
  7 hobgoblins
  2 jackals (D:2)
  3 quokkas
  4 ball pythons
  6 bats
  A frilled lizard (D:1)
  4 kobolds
  9 rats
54 creatures vanquished.

Notes
Turn   | Place    | Note
-------+----------+-------------------------------------------
     0 | D:1      | ragingrage the Kobold Transmuter began the quest for the
                  | Orb.
     0 | D:1      | Reached XP level 1. HP: 12/12 MP: 3/3
   280 | D:1      | Reached XP level 2. HP: 16/16 MP: 5/5
   283 | D:1      | Learned a level 2 spell: Wereblood
   347 | D:1      | Reached skill level 1 in Short Blades
   945 | D:1      | Reached XP level 3. HP: 20/20 MP: 2/6
  1508 | D:2      | Reached skill level 2 in Short Blades
  1620 | D:2      | Noticed Sigmund
  2222 | D:2      | Killed Sigmund
  2223 | D:2      | Reached skill level 5 in Short Blades
  2223 | D:2      | Reached XP level 4. HP: 20/25 MP: 7/7
  2223 | D:2      | Reached XP level 5. HP: 23/29 MP: 8/8
  2223 | D:2      | Reached XP level 6. HP: 27/34 MP: 9/9
  2351 | D:3      | Noticed an ice beast
  2424 | D:3      | Learned a level 4 spell: Ice Form
  2475 | D:3      | Found a sacrificial altar of Ru.
  3011 | D:3      | Found a glowing golden altar of the Shining One.
  3105 | D:4      | Noticed Robin
  3130 | D:4      | Noticed Dowan
  3135 | D:4      | Slain by a gnoll bouda

Illustrated notes

Levels and vault maps discovered:
D:1:      minmay_arrival_four_houses, layout_basic, nicolae_figureground_sparkle
D:2:      layout_loops_ring, uniq_sigmund
D:3:      layout_basic, general_overflow_altar,
          mainiacjoe_overflow_cross_hatched
D:4:      layout_loops_ring, mainiacjoe_overflow_alcove_4,
          mainiacjoe_overflow_24_doors, cheibrodos_sewer_entry_drain,
          kennysheep_small_spiral, uniq_natasha, uniq_robin, uniq_duvessa

Skill      XL: |  1  2  3 |
---------------+----------+-----
Short Blades   | 1 5 |  5.9
Transmutations | 4 |  4.0
Fighting       | |  1.1
Dodging        | |  2.4
Unarmed Combat | |  3.1
Spellcasting   | |  2.1

Action                     |  1- 3 |  4- 6 || total
---------------------------+-------+-------++-------
  Melee: Unarmed           |    11 |       ||    11
         Kick              |    17 |    13 ||    30
         Dagger            |    67 |    71 ||   138
         Headbutt          |     7 |    12 ||    19
         Punch             |     2 |     6 ||     8
   Cast: Beastly Appendage |    18 |     8 ||    26
         Wereblood         |    11 |     4 ||    15
   Stab: Sleeping          |     9 |     4 ||    13
 Armour: Robe              |     7 |     3 ||    10
  Dodge: Dodged            |    51 |    31 ||    82
